BR (22 & UNDER)
PALMYRA OVERLORDS @ RANCHO CUCAMONGA SICK MONKEYS
08/17/2028
 
TOP OF THE 1ST
Palmyra Overlords batting - Pitching for Rancho Cucamonga Sick Monkeys : RHP Gerald Dunham
Pitching: RHP Gerald Dunham
Batting: RHB Spike Kennedy 0-0: Ground out 4-3 (Groundball, 4)
Batting: RHB Mason Melton 0-0: Ball
1-0: Ball
2-0: Foul Ball, location: 2F
2-1: Fly out, F9 (Flyball, 9LS)
Batting: LHB Mauro López 0-0: Foul Ball, location: 2F
0-1: Ball
1-1: Swinging Strike
1-2: Ball
2-2: Ball
3-2: Base on Balls
Batting: RHB David Gómez 0-0: Ball
1-0: Foul Ball, location: 2F
1-1: SINGLE (Groundball, 6MD)
Mauro López to second
Runner from 2nd tries for 3rd, SAFE, no throw
Batting: RHB José Acuńa 0-0: Ball
1-0: Foul Ball, location: 2F
1-1: Called Strike
1-2: Ground out 1-3 (Groundball, 13S)
Top of the 1st over - 0 run(s), 1 hit(s), 0 error(s), 2 left on base; Palmyra 0 - Rancho Cucamonga 0
BOTTOM OF THE 1ST
Rancho Cucamonga Sick Monkeys batting - Pitching for Palmyra Overlords : RHP Jack Bass
Pitching: RHP Jack Bass
Batting: LHB Sam Fuller 0-0: Ball
1-0: Foul Ball, location: 2F
1-1: Ball
2-1: Called Strike
2-2: Ball
3-2: Fly out, F9 (Flyball, 9S)
Batting: LHB José Esparza 0-0: Foul Ball, location: 2F
0-1: Ground out 1-3 (Groundball, P)
Batting: LHB Carl Hayden 0-0: Ball
1-0: Ball
2-0: Ball
3-0: Base on Balls
Batting: LHB Oliver Cruz 0-0: Foul Ball, location: 2F
0-1: Called Strike
0-2: Ball
1-2: Ball
2-2: Ground out 6-3 (Groundball, 6MS)
Bottom of the 1st over - 0 run(s), 0 hit(s), 0 error(s), 1 left on base; Palmyra 0 - Rancho Cucamonga 0
TOP OF THE 2ND
Palmyra Overlords batting - Pitching for Rancho Cucamonga Sick Monkeys : RHP Gerald Dunham
Batting: LHB Jerry Tolbert 0-0: Called Strike
0-1: Ball
1-1: Ball
2-1: Swinging Strike
2-2: Strikes out swinging
Batting: RHB José Gonzáles 0-0: Ground out 5-3 (Groundball, 56)
Batting: LHB Jaime Flores 0-0: Ground out 4-3 (Groundball, 4)
Top of the 2nd over - 0 run(s), 0 hit(s), 0 error(s), 0 left on base; Palmyra 0 - Rancho Cucamonga 0
BOTTOM OF THE 2ND
Rancho Cucamonga Sick Monkeys batting - Pitching for Palmyra Overlords : RHP Jack Bass
Batting: LHB Paul Holcomb 0-0: Called Strike
0-1: Ground out U3 (Groundball, 3)
Batting: RHB Arlen Jones 0-0: Ball
1-0: Ground out 3-1 (Groundball, 34)
Batting: LHB Jesús Miranda 0-0: Ball
1-0: Foul Ball, location: 2F
1-1: Ball
2-1: Swinging Strike
2-2: Ball
3-2: SINGLE (Line Drive, 89S)
Batting: SHB Keith Hale 0-0: Ball
Jesús Miranda steals 2nd base
1-0: Ground out U3 (Groundball, 34)
Bottom of the 2nd over - 0 run(s), 1 hit(s), 0 error(s), 1 left on base; Palmyra 0 - Rancho Cucamonga 0
TOP OF THE 3RD
Palmyra Overlords batting - Pitching for Rancho Cucamonga Sick Monkeys : RHP Gerald Dunham
Batting: RHB Marius Letizi 0-0: Called Strike
0-1: Ground out 5-3 (Groundball, 56)
Batting: RHB Spike Kennedy 0-0: Ball
1-0: SINGLE (Groundball, 56D)
Batting: RHB Mason Melton 0-0: Ball
Spike Kennedy steals 2nd base
1-0: Foul Ball, location: 2F
1-1: Ground out U3 (Groundball, 34)
Spike Kennedy to third
Batting: LHB Mauro López 0-0: Foul Ball, location: 2F
0-1: Swinging Strike
0-2: Ball
1-2: Fly out, F4 (Line Drive, 4)
Top of the 3rd over - 0 run(s), 1 hit(s), 0 error(s), 1 left on base; Palmyra 0 - Rancho Cucamonga 0
BOTTOM OF THE 3RD
Rancho Cucamonga Sick Monkeys batting - Pitching for Palmyra Overlords : RHP Jack Bass
Batting: RHB Júlio García 0-0: Ground out 5-3 (Groundball, 56)
Batting: LHB Sam Fuller 0-0: Ball
1-0: Ball
2-0: SINGLE (Line Drive, 34)
Batting: LHB José Esparza 0-0: Ball
1-0: Called Strike
1-1: Ball
2-1: Foul Ball, location: 2F
2-2: Ball
3-2: Fly out, F9 (Flyball, 9)
Batting: LHB Carl Hayden Balk!
Sam Fuller to second
0-0: Called Strike
0-1: Foul Ball, location: 2F
0-2: Ball
1-2: Ball
2-2: Foul Ball, location: 2F
2-2: Ball
3-2: Reached on error, E7 (Line Drive, 7S)
Sam Fuller scores
Batting: LHB Oliver Cruz 0-0: Ball
1-0: SINGLE (Groundball, 4D)
Carl Hayden to third
Runner from 3rd tries for Home, SAFE, throw made home
Oliver Cruz to second
Batting: LHB Paul Holcomb 0-0: Ball
1-0: Foul Ball, location: 2F
1-1: Foul Ball, location: 2F
1-2: Ball
2-2: Foul Ball, location: 2F
2-2: Foul Ball, location: 2F
2-2: Fly out, F6 (Line Drive, 6M)
Bottom of the 3rd over - 2 run(s), 2 hit(s), 1 error(s), 1 left on base; Palmyra 0 - Rancho Cucamonga 2
TOP OF THE 4TH
Palmyra Overlords batting - Pitching for Rancho Cucamonga Sick Monkeys : RHP Gerald Dunham
Batting: RHB David Gómez 0-0: Ball
1-0: Swinging Strike
1-1: Fly out, F8 (Flyball, 8RS)
Batting: RHB José Acuńa 0-0: Ball
1-0: Foul Ball, location: 2F
1-1: Called Strike
1-2: Foul Ball, location: 2F
1-2: Ball
2-2: Strikes out swinging
Batting: LHB Jerry Tolbert 0-0: Foul Ball, location: 2F
0-1: Swinging Strike
0-2: Foul Ball, location: 2F
0-2: Ball
1-2: Strikes out swinging passed ball, reaches first!
Batting: RHB José Gonzáles 0-0: Called Strike
0-1: Ball
1-1: Foul Ball, location: 2F
1-2: Foul Ball, location: 2F
1-2: Foul Ball, location: 2F
1-2: Ball
Jerry Tolbert steals 2nd base
2-2: Strikes out swinging
Top of the 4th over - 0 run(s), 0 hit(s), 0 error(s), 1 left on base; Palmyra 0 - Rancho Cucamonga 2
BOTTOM OF THE 4TH
Rancho Cucamonga Sick Monkeys batting - Pitching for Palmyra Overlords : RHP Jack Bass
Batting: RHB Arlen Jones 0-0: Called Strike
0-1: Ball
1-1: Ball
2-1: Ball
3-1: Fly out, F8 (Flyball, 8LS)
Batting: LHB Jesús Miranda 0-0: Ball
1-0: Ball
2-0: Swinging Strike
2-1: Ground out 6-3 (Groundball, 6)
Batting: SHB Keith Hale 0-0: Ball
1-0: Ball
2-0: SINGLE (Groundball, 4D)
Batting: RHB Júlio García 0-0: Ball
Keith Hale steals 2nd base
1-0: Foul Ball, location: 2F
1-1: Foul Ball, location: 2F
1-2: Ball
2-2: Ball
3-2: Foul Ball, location: 2F
3-2: Strikes out swinging
Bottom of the 4th over - 0 run(s), 1 hit(s), 0 error(s), 1 left on base; Palmyra 0 - Rancho Cucamonga 2
TOP OF THE 5TH
Palmyra Overlords batting - Pitching for Rancho Cucamonga Sick Monkeys : RHP Gerald Dunham
Batting: LHB Jaime Flores 0-0: Ball
1-0: Swinging Strike
1-1: Swinging Strike
1-2: Strikes out swinging
Batting: RHB Marius Letizi 0-0: Ball
1-0: Foul Ball, location: 2F
1-1: Ball
2-1: Ball
3-1: Called Strike
3-2: DOUBLE (Line Drive, 9LS)
Batting: RHB Spike Kennedy 0-0: Ball
1-0: Called Strike
1-1: Ball
2-1: Fly out, F8 (Flyball, 8LM)
Pitching: RHP Harry Cuevas
Batting: RHB Mason Melton 0-0: Fly out, F6 (Popup, 6MD)
Top of the 5th over - 0 run(s), 1 hit(s), 0 error(s), 1 left on base; Palmyra 0 - Rancho Cucamonga 2
BOTTOM OF THE 5TH
Rancho Cucamonga Sick Monkeys batting - Pitching for Palmyra Overlords : RHP Jack Bass
Batting: LHB Sam Fuller 0-0: Called Strike
0-1: Ball
1-1: Swinging Strike
1-2: SINGLE (Flyball, 78M)
Batting: LHB José Esparza 0-0: Ball
1-0: Called Strike
1-1: Ball
2-1: Grounds into double play, 6-4-3 (Groundball, 6)
Batting: LHB Carl Hayden 0-0: Called Strike
0-1: Ball
1-1: Called Strike
1-2: Ball
2-2: Ball
3-2: Fly out, F9 (Flyball, 89XD)
Bottom of the 5th over - 0 run(s), 1 hit(s), 0 error(s), 0 left on base; Palmyra 0 - Rancho Cucamonga 2
TOP OF THE 6TH
Palmyra Overlords batting - Pitching for Rancho Cucamonga Sick Monkeys : RHP Harry Cuevas
Batting: LHB Mauro López 0-0: SINGLE (Flyball, 7S)
Batting: RHB David Gómez 0-0: Ball
1-0: Foul Ball, location: 2F
1-1: Ball
2-1: Foul Ball, location: 2F
2-2: Fly out, F9 (Flyball, 9LS)
Batting: RHB José Acuńa 0-0: Ball
1-0: Ball
2-0: Swinging Strike
2-1: Reached via error on a dropped throw, E3
Mauro López to second
Batting: LHB Jerry Tolbert 0-0: Grounds into double play, 1-6-3 (Groundball, P)
Top of the 6th over - 0 run(s), 1 hit(s), 1 error(s), 1 left on base; Palmyra 0 - Rancho Cucamonga 2
BOTTOM OF THE 6TH
Rancho Cucamonga Sick Monkeys batting - Pitching for Palmyra Overlords : RHP Jack Bass
Pitching: RHP Alex Pruitt
Batting: LHB Oliver Cruz 0-0: Called Strike
0-1: Called Strike
0-2: Ball
1-2: Fly out, F8 (Flyball, 8RS)
Batting: LHB Paul Holcomb 0-0: Ball
1-0: Foul Ball, location: 2F
1-1: Called Strike
1-2: Ground out U3 (Groundball, 3)
Batting: RHB Arlen Jones 0-0: Ball
1-0: Called Strike
1-1: Foul Ball, location: 2F
1-2: Foul Ball, location: 2F
1-2: Ball
2-2: Ball
3-2: Fly out, F9 (Flyball, 9S)
Bottom of the 6th over - 0 run(s), 0 hit(s), 0 error(s), 0 left on base; Palmyra 0 - Rancho Cucamonga 2
TOP OF THE 7TH
Palmyra Overlords batting - Pitching for Rancho Cucamonga Sick Monkeys : RHP Harry Cuevas
Batting: RHB José Gonzáles 0-0: Swinging Strike
0-1: Foul Ball, location: 2F
0-2: Ball
1-2: Strikes out swinging
Batting: LHB Jaime Flores 0-0: Reached on error, E4 (Groundball, 4)
Pinch Runner at 1st J.T. Paull:
Batting: RHB Marius Letizi 0-0: Ball
1-0: Called Strike
1-1: SINGLE (Line Drive, 3D)
J.T. Paull to second
Runner from 2nd tries for 3rd, SAFE, no throw
Pinch Runner at 1st Ernesto Rivera:
Batting: RHB Spike Kennedy 0-0: Swinging Strike
0-1: Foul Ball, location: 2F
0-2: Ball
1-2: Ball
Ernesto Rivera steals 2nd base
2-2: Ball
3-2: SINGLE (Groundball, 56) (infield hit)
J.T. Paull scores
Ernesto Rivera to third
Pinch Hitting: RHB Jimmy Myers 0-0: Called Strike
Spike Kennedy steals 2nd base
0-1: Ball
1-1: Called Strike
1-2: Ball
2-2: Ball
3-2: Foul Ball, location: 2F
3-2: Strikes out swinging
Batting: LHB Mauro López 0-0: Called Strike
0-1: Ball
1-1: Fly out, F8 (Flyball, 8RD)
Top of the 7th over - 1 run(s), 2 hit(s), 1 error(s), 2 left on base; Palmyra 1 - Rancho Cucamonga 2
BOTTOM OF THE 7TH
Rancho Cucamonga Sick Monkeys batting - Pitching for Palmyra Overlords : RHP Alex Pruitt
Pitching: LHP José López
Now at 1B: Miguel Gamboa
Now at 2B: Jimmy Myers
Batting: LHB Jesús Miranda 0-0: Foul Ball, location: 2F
0-1: Ball
1-1: Swinging Strike
1-2: Ball
2-2: Ball
3-2: Base on Balls
Pitching: RHP Conrad Wilkinson
Batting: SHB Keith Hale
Pinch Hitting: RHB Orlando González 0-0: Ball
1-0: Bunted foul
1-1: Sac Bunt - play at first, batter OUT! 1-4
Jesús Miranda to second
Pinch Hitting: LHB Will O'Dell 0-0: Intentional Walk
Pinch Hitting: RHB Dan McKay 0-0: Ball
Wild Pitch!
Jesús Miranda to third
Will O'Dell to second
1-0: Intentional Walk
Pinch Hitting: RHB Steve Meyers 0-0: Called Strike
0-1: Ball
1-1: Foul Ball, location: 2F
1-2: Ball
2-2: Ball
3-2: SINGLE (Flyball, 9LM)
Jesús Miranda scores
Will O'Dell to third
Dan McKay to second
Batting: LHB Carl Hayden 0-0: Ball
1-0: Foul Ball, location: 2F
1-1: Foul Ball, location: 2F
1-2: Fly out, F7 (Flyball, 78M)
Batting: LHB Oliver Cruz 0-0: Ball
1-0: Fly out, F7 (Flyball, 7D)
Bottom of the 7th over - 1 run(s), 1 hit(s), 0 error(s), 3 left on base; Palmyra 1 - Rancho Cucamonga 3
TOP OF THE 8TH
Palmyra Overlords batting - Pitching for Rancho Cucamonga Sick Monkeys : RHP Harry Cuevas
Now at 2B: Steve Meyers
Now at 3B: Dan McKay
Now at SS: Jorge Maldonado
Now in LF: Orlando González
Batting: RHB David Gómez 0-0: Ball
1-0: Ball
2-0: Reached on error, E9 (Flyball, 9LM)
Batting: RHB José Acuńa 0-0: Ball
1-0: Foul Ball, location: 2F
1-1: Ball
2-1: Ball
3-1: Fly out, F9 (Flyball, 9LM)
Batting: LHB Jerry Tolbert 0-0: Fly out, F4 (Line Drive, 4)
Batting: RHB José Gonzáles 0-0: Called Strike
0-1: Foul Ball, location: 2F
0-2: Ball
1-2: Ball
2-2: Ground out 6-3 (Groundball, 56D)
Top of the 8th over - 0 run(s), 0 hit(s), 1 error(s), 1 left on base; Palmyra 1 - Rancho Cucamonga 3
BOTTOM OF THE 8TH
Rancho Cucamonga Sick Monkeys batting - Pitching for Palmyra Overlords : RHP Conrad Wilkinson
Batting: LHB Paul Holcomb 0-0: Ball
1-0: Called Strike
1-1: Foul Ball, location: 2F
1-2: Strikes out swinging
Batting: RHB Arlen Jones 0-0: Foul Ball, location: 2F
0-1: Swinging Strike
0-2: Ground out 5-3 (Groundball, 56S)
Batting: LHB Jesús Miranda 0-0: SINGLE (Line Drive, 56D)
Batting: RHB Orlando González 0-0: Ball
Wild Pitch!
Jesús Miranda to second
1-0: Swinging Strike
1-1: Ball
2-1: Foul Ball, location: 2F
2-2: Strikes out swinging
Bottom of the 8th over - 0 run(s), 1 hit(s), 0 error(s), 1 left on base; Palmyra 1 - Rancho Cucamonga 3
TOP OF THE 9TH
Palmyra Overlords batting - Pitching for Rancho Cucamonga Sick Monkeys : RHP Harry Cuevas
Pitching: RHP Carlos Domínguez
Batting: LHB Miguel Gamboa 0-0: Ball
1-0: Ground out 4-3 (Groundball, 4S)
Batting: LHB Ernesto Rivera 0-0: Called Strike
0-1: Swinging Strike
0-2: TRIPLE (Line Drive, 3L)
Batting: RHB Spike Kennedy 0-0: Foul Ball, location: 2F
0-1: Called Strike
0-2: Foul Ball, location: 2F
0-2: Strikes out looking
Batting: RHB Jimmy Myers 0-0: Foul Ball, location: 2F
0-1: Ball
1-1: Ball
2-1: Foul Ball, location: 2F
2-2: Fly out, F3 (Line Drive, 34)
Top of the 9th over - 0 run(s), 1 hit(s), 0 error(s), 1 left on base; Palmyra 1 - Rancho Cucamonga 3
Tuesday, August 8th, 2017 - OOTP Baseball 17.12 Build 75